 Dungeon Crawl Stone Soup version 0.29.1-15-g9cfb28693d (webtiles) character file.

Game seed: 8965170079565491307

228 KittyFluff the Cudgeller (level 6, 0/39 HPs)
             Began as a Gargoyle Berserker on Apr 22, 2023.
             Was a Follower of Trog.
             Slain by Terence
             ... wielding the +7 Throatcutter {drain, coup de grace}
              (3 damage)
             ... on level 2 of the Dungeon.
             The game lasted 00:06:08 (2315 turns).

KittyFluff the Cudgeller (Gargoyle Berserker)       Turns: 2315, Time: 00:06:08

Health: 0/39       AC:  7    Str: 20    XL:     6   Next: 2%
Magic:  6/6        EV: 12    Int:  8    God:    Trog [*.....]
Gold:   65         SH:  0    Dex: 11    Spells: 5/5 levels left

rFire   + . .      SeeInvis .   a - +0 mace
rCold   + + .      Faith    .   (no shield)
rNeg    + . .      Spirit   .   e - +0 leather armour
rPois   ∞          Reflect  .   (no helmet)
rElec   +          Harm     .   i - scarf {rC+ rF+}
rCorr   .          Rampage  .   (no gloves)
Will    .....                   (no boots)
Stlth   +.........              (no amulet)
HPRegen 0.13/turn               l - ring of protection from cold
MPRegen 0.10/turn               (no ring)

@: no status effects
A: sickness immunity, AC +4, negative energy resistance 1, electricity
resistance, torment resistance 1, petrification resistance
a: Renounce Religion, Berserk


You were on level 2 of the Dungeon.
You worshipped Trog.
Trog was aware of your devotion.
You visited 1 branch of the dungeon, and saw 2 of its levels.

You collected 65 gold pieces.

Inventory:

Hand Weapons
 a - a +0 mace (weapon)
 j - a +0 sling
Missiles
 c - 20 stones (quivered)
 n - 3 poisoned darts
Armour
 e - a +0 leather armour (worn)
 i - a scarf of resistance (worn)
Jewellery
 l - a ring of protection from cold (left hand)
Scrolls
 g - a scroll of summoning {unknown}
 h - 2 scrolls of identify {unknown}
 k - a scroll of teleportation {unknown}
 m - a scroll of amnesia {unknown}
Potions
 b - a potion of attraction {unknown}
 d - a potion of heal wounds {unknown}
 f - a potion of brilliance {unknown}


   Skills:
 + Level 4.4 Fighting
 + Level 4.8 Maces & Flails
 * Level 3.2 Armour
 + Level 2.3 Dodging
 + Level 0.3 Stealth


You had 5 spell levels left.
You didn't know any spells.
Your spell library was empty.

Dungeon Overview and Level Annotations

Branches:
Dungeon (2/15)

Altars:

Annotations:
D:2 Terence


Innate Abilities, Weirdness & Mutations

You are immune to sickness and miasma.
Your stone body is resilient. (AC +4)
You are immune to poison.
You resist negative energy. (rN+)
You are resistant to electric shocks. (rElec)
You are resistant to unholy torment.
You are immune to petrification.


Message History

You kill the kobold!
Trog accepts your kill.
c - 20 stones (gained 5)
Things that are here:
a +0 dagger; a kobold corpse
There is a stone staircase leading down here.
Found a stone staircase leading up.
There is a stone staircase leading up here.
Found 3 poisoned darts.
You see here 3 poisoned darts.
n - 3 poisoned darts Terence the Incautious comes into view.
He is wielding the +7 Throatcutter {drain, coup de grace}.
Terence bares his teeth.
Terence completely misses you.
You hit Terence.
Terence is moderately wounded.
Terence hits you with the +7 Throatcutter {drain, coup de grace}!
You hit Terence.
Terence is moderately wounded.
Terence hits you with the +7 Throatcutter {drain, coup de grace}.
You hit Terence but do no damage. You punch Terence, but do no damage.
Terence is moderately wounded.
Terence hits you with the +7 Throatcutter {drain, coup de grace}.
You hit Terence.
Terence is heavily wounded.
Terence hits you with the +7 Throatcutter {drain, coup de grace}. x2
You hit Terence but do no damage.
Terence is heavily wounded.
Terence hits you with the +7 Throatcutter {drain, coup de grace}!
* * * LOW HITPOINT WARNING * * *
You hit Terence but do no damage.
Terence is heavily wounded.
Terence barely misses you.
You completely miss Terence.
Terence is heavily wounded.
Terence barely misses you.
You hit Terence but do no damage.
Terence is heavily wounded.
Terence hits you with the +7 Throatcutter {drain, coup de grace}.
You die...

............#####.#
#########.........#
#...####### ##.##
#.# #.# #.#
#.#########
#########
#.....@@..#
........#
#########.# ###
#.### #.# ... #....
#.# #.###.##. ##
#.# #.....#.. .#
#.# #.###.###.. .#
#.# #.# #.# #.. .#
#.## #.# #.####.
.###############
#..###.###.#....


You could see Terence.

Vanquished Creatures
  Sigmund (D:2)
  Jessica (D:2)
  An adder (D:2)
  An ufetubus (D:2)
  3 endoplasms
  A giant cockroach (D:1)
  2 hobgoblins
  3 kobolds
  A quokka (D:2)
  A bat (D:2)
  2 frilled lizards (D:1)
  3 goblins
  4 rats
24 creatures vanquished.

Vanquished Creatures (others)
  4 withered plants (D:2)
4 creatures vanquished.

Grand Total: 28 creatures vanquished

Notes
Turn   | Place    | Note
-------+----------+-------------------------------------------
     0 | D:1      | KittyFluff the Gargoyle Berserker began the quest for the
                  | Orb.
     0 | D:1      | Reached XP level 1. HP: 14/14 MP: 1/1
   519 | D:1      | Reached XP level 2. HP: 19/19 MP: 2/2
  1587 | D:2      | Found a faded altar of an unknown god.
  1682 | D:2      | Reached XP level 3. HP: 16/24 MP: 3/3
  1749 | D:2      | Noticed Sigmund
  1751 | D:2      | Noticed Jessica
  1767 | D:2      | Killed Sigmund
  1768 | D:2      | Reached XP level 4. HP: 25/30 MP: 4/4
  1768 | D:2      | Reached XP level 5. HP: 29/34 MP: 5/5
  1776 | D:2      | Killed Jessica
  1777 | D:2      | Reached XP level 6. HP: 11/39 MP: 6/6
  2304 | D:2      | Noticed Terence
  2315 | D:2      | Slain by Terence

Illustrated notes

Levels and vault maps discovered:
D:1:      eino_arrival_cavern_c, layout_basic
D:2:      layout_loops_ring, ebering_ecumenical_altar_petrified, uniq_jessica,
          uniq_terence, uniq_sigmund

Skill      XL: |  1  2  3 |
---------------+----------+-----
Fighting       | 4 |  4.4
Maces & Flails | 4 |  4.8
Armour         | 3 |  3.2
Dodging        | 2 |  2.3
Stealth        | |  0.3

Action                   |  1- 3 |  4- 6 || total
-------------------------+-------+-------++-------
Melee: Mace              |    80 |    26 ||   106
       Punch             |       |     1 ||     1
Armor: Leather armour    |    25 |     6 ||    31
Dodge: Dodged            |    38 |    13 ||    51
